 Dungeon Crawl Stone Soup version 0.32-a0-519-g08f29ac1c3 (webtiles) character file.

Game seed: 7938388593577490774

22198 senseless the Fighter (level 12, 0/103 HPs)
             Began as a Coglin Fighter on Feb 28, 2024.
             Was a Priest of the Shining One.
             Slain by a +5 long sword (7 damage)
             ... on level 13 of the Dungeon on Feb 29, 2024.
             The game lasted 00:26:52 (10584 turns).

senseless the Fighter (Coglin Fighter)             Turns: 10584, Time: 00:26:53

Health: 0/103      AC: 23    Str: 21    XL:     12   Next: 98%
Magic:  0/13       EV:  9    Int:  9    God:    the Shining One [***...]
Gold:   273        SH:  6    Dex: 13    Spells: 11/11 levels left

rFire   x . .        A - +2 broad axe (venom) {Hajoon}
rCold   + + .        a - +1 war axe (elec) {Balvinder}
rNeg    + . .        C - +4 ice dragon scales
rPois   .            u - +0 helmet
rElec   .            x - +0 cloak
rCorr   .            v - +0 pair of gloves
SInv    .            k - +0 pair of boots
Will    .....        c - amulet of guardian spirit Stlth
                     (ring unavailable)
HPRegen 0.37/turn    (ring unavailable)
MPRegen 0.13/turn

%: guardian spirit
@: divinely shielded, glowing, revving
A: off-hand wielding, slow wielding, warmup strikes, no rings
a: Renounce Religion, Divine Shield, Cleansing Flame


You were on level 13 of the Dungeon.
You worshipped the Shining One.
The Shining One was most pleased with you.
You visited 1 branch of the dungeon, and saw 13 of its levels.

You collected 1118 gold pieces.
You spent 845 gold pieces at shops.

Inventory:

Hand Weapons
 a - a +1 war axe of electrocution (offhand) {Balvinder}
 o - a +0 triple crossbow
 A - a +2 broad axe of venom (weapon) {Hajoon}
Armour
 k - a +0 pair of boots (worn)
 u - a +0 helmet (worn)
 v - a +0 pair of gloves (worn)
 x - a +0 cloak (worn)
 C - +4 ice dragon scales (worn)
Jewellery
 c - an amulet of guardian spirit (around neck)
 s - an amulet of faith
Wands
 b - a wand of polymorph (12)
 n - a wand of iceblast (27)
 r - a wand of paralysis (16)
 y - a wand of flame (6)
Scrolls
 e - a scroll of fog
 g - 3 scrolls of immolation
 l - 5 scrolls of teleportation
 m - a scroll of amnesia
 q - a scroll of summoning
 t - 3 scrolls of identify
 E - a scroll of silence
 F - a scroll of fear
Potions
 d - 2 potions of might
 f - a potion of magic
 h - 4 potions of lignification
 i - a potion of attraction
 j - 7 potions of curing
 p - 2 potions of resistance
 w - 4 potions of heal wounds
 z - 3 potions of enlightenment
 B - a potion of haste


   Skills:
 + Level 12.8 Fighting
 + Level 12.4 Axes
 + Level 11.6 Armour
 - Level 2.1 Shields
 + Level 1.4 Invocations


You had 11 spell levels left.
You didn't know any spells.
Your spell library contained the following spells:

 Spells                   Type           Power      Damage    Failure   Level
 Sting                    Conj/Alch      0%         1d3       71%         1
 Ensorcelled Hibernation  Hex/Ice        0%         N/A       85%         2
 Mercury Vapours          Alch/Air       0%         N/A       85%         2
 Dazzling Flash           Conj/Hex       0%         N/A       97%         3
 Frozen Ramparts          Ice            0%         1d1       97%         3
 Passwall                 Erth           0%         N/A       97%         3
 Swiftness                Air            0%         N/A       97%         3
 Tukima's Dance           Hex            0%         N/A       97%         3
 Volatile Blastmotes      Fire/Tloc      0%         2d10      97%         3
 Dimensional Bullseye     Hex/Tloc       0%         N/A       100%        4
 Ignite Poison            Fire/Alch      0%         N/A       100%        4
 Iskenderun's Mystic Bla  Conj/Tloc      0%         2d3       100%        4
 Leda's Liquefaction      Alch/Erth      0%         N/A       100%        4
 Olgreb's Toxic Radiance  Alch           0%         N/A       100%        4
 Passage of Golubria      Tloc           0%         N/A       100%        4
 Petrify                  Alch/Erth      0%         N/A       100%        4
 Sticky Flame             Fire/Alch      0%         2d4       100%        4
 Metabolic Englaciation   Hex/Ice        0%         N/A       100%        5
 Silence                  Hex/Air        0%         N/A       100%        5
 Starburst                Conj/Fire      0%         6d3       100%        6
 Ozocubu's Refrigeration  Ice            0%         4d7       100%        7
 Ignition                 Fire           0%         3d3       100%        8
 Lehudib's Crystal Spear  Conj/Erth      0%         10d2      100%        8
 Maxwell's Capacitive Co  Air            0%         ∞         100%        8


Dungeon Overview and Level Annotations

Branches:
Dungeon (13/15)            Temple (0/1) D:7            Lair (0/5) D:10
    Orc (0/2) D:11
 Vaults: D:13-14

Altars:
Ashenzari
Cheibriados
Dithmenos
Fedhas
Kikubaaqudgha
Makhleb
Nemelex Xobeh
Okawaru
Sif Muna
Trog
Uskayaw
Wu Jian
Xom
Yredelemnul
Zin
The Shining One

Shops:
D:1 (   D:6 *   D:11 !


Innate Abilities, Weirdness & Mutations

You can wield a second weapon in your off-hand.
It takes a long time for you to wield or remove held weapons.
Your first few attacks do less damage.
Your grasper-arms cannot wear rings.


Message History

You slash the ogre with your +2 broad axe of venom!
The ogre looks as sick as possible!
You slash Lodul with your +1 war axe of electrocution!
You slash the ogre with your +1 war axe of electrocution!
You hit the ogre but do no damage.
The ogre hits you with a +0 giant club!!
* * * LOW HITPOINT WARNING * * *
The ogre hits you with a +0 giant spiked club!
* * * LOW HITPOINT WARNING * * *
Unknown command.
You completely miss Lodul with your +2 broad axe of venom.
Lodul is moderately wounded.
You slash the ogre with your +2 broad axe of venom!
The ogre looks as sick as possible!
You hit the ogre with your +2 broad axe of venom.
The ogre looks as sick as possible!
You slice Lodul with your +1 war axe of electrocution!!
You hit the ogre with your +1 war axe of electrocution.
You slash the ogre with your +1 war axe of electrocution!
You kill the ogre!
Lodul hits you with a +0 dire flail of protection.
* * * LOW HITPOINT WARNING * * *
Unknown command.
You hit Lodul with your +1 war axe of electrocution.
Lodul is severely wounded.
You slash the ogre with your +1 war axe of electrocution!
You kill the ogre!
You slash Lodul with your +2 broad axe of venom!
Lodul looks as sick as possible!
A +5 long sword comes into view.
Lodul hits you with a +0 dire flail of protection.
* * * LOW HITPOINT WARNING * * *
You slash Lodul with your +2 broad axe of venom!
You kill Lodul!
Okay, then.
Items here: )) ††.
There is an open door here.
The +5 long sword attacks as it pursues you!
The +5 long sword hits you!
You die...

#....#####.....'> .....
#.....#.#).....# ....
#.......)$.....# .....
#........)....## ....
###...###....## ... ###.
##..## ##.. ### ##..#
########..# #.####(####
#.......... #......@..#
#.)........ #.........#
#..........
#.........####.......<..
#.........'..#..........
#.........##.#..........
#.........##.#..........
#.........##.'..........
#.........####..........
########### ###########


You could see a +5 long sword.

Vanquished Creatures
  4 centaur warriors (D:13)
  2 boulder beetles
  2 two-headed ogres
  Lodul (D:13)
  A deep elf pyromancer (D:12)
  An ugly thing (D:11)
  Maurice (D:11)
  4 manticores
  3 elephants
  2 gargoyles
  A kobold demonologist (D:10)
  A komodo dragon (D:13)
  4 trolls
  A hornet (D:9)
  A vampire (D:11)
  4 slime creatures (D:13)
  2 wraiths (D:12)
  25 yaks
  2 shadows
  4 steam dragons
  2 acid dragons (D:12)
  2 water moccasins
  4 sky beasts
  4 orc warriors
  An ice beast (D:7)
  3 black bears
  9 ogres
  6 centaurs
  2 phantoms
  2 kobold brigands (D:9)
  A scorpion (D:5)
  7 bullfrogs
  A gnoll sergeant (D:7)
  4 wights (D:10)
  The ghost of heinrich the Covert, a weakling GnDe (D:3)
  8 killer bees
  8 howler monkeys
  8 crimson imps (D:6)
  3 hounds
  7 orc priests
  3 bombardier beetles
  2 iguanas
  Ijyb (D:5)
  10 orc wizards
  12 gnolls
  4 adders
  A shadow imp (D:7)
  A white imp (D:6)
  2 ufetubi (D:5)
  2 ribbon worms (D:2)
  16 orcs
  7 ball pythons
  5 endoplasms
  6 giant cockroaches
  6 hobgoblins
  9 jackals
  4 quokkas
  4 bats
  3 frilled lizards (D:1)
  6 goblins
  18 kobolds
  4 rats
275 creatures vanquished.

Vanquished Creatures (others)
  A troll (D:11)
  An orc priest (D:8)
  3 orcs (D:8)
5 creatures vanquished.

Grand Total: 280 creatures vanquished

Notes
Turn   | Place    | Note
-------+----------+-------------------------------------------
     0 | D:1      | senseless the Coglin Fighter began the quest for the Orb.
     0 | D:1      | Reached XP level 1. HP: 18/18 MP: 1/1
   190 | D:1      | Reached XP level 2. HP: 21/24 MP: 2/2
   336 | D:1      | Found Keadiv Esij's Antique Weapon Shoppe.
   871 | D:2      | Reached XP level 3. HP: 22/29 MP: 3/3
  1341 | D:2      | You fall into a shaft and drop 2 floors!
  1388 | D:4      | Reached XP level 4. HP: 37/37 MP: 4/4
  1414 | D:3      | Noticed heinrich's ghost (weakling GnDe)
  1414 | D:3      | Found a runed translucent gate.
  1422 | D:3      | Reached XP level 5. HP: 39/42 MP: 5/5
  1431 | D:3      | Found a runed translucent gate.
  1431 | D:3      | Found a runed translucent gate.
  2297 | D:3      | Killed heinrich's ghost
  2298 | D:3      | Reached XP level 6. HP: 49/49 MP: 6/6
  2805 | D:5      | Entered Level 5 of the Dungeon
  2959 | D:5      | Reached skill level 5 in Fighting
  2959 | D:5      | Reached XP level 7. HP: 47/56 MP: 7/7
  2988 | D:5      | Noticed Ijyb
  2991 | D:5      | Reached skill level 5 in Axes
  2991 | D:5      | Reached skill level 5 in Armour
  3105 | D:5      | Killed Ijyb
  3673 | D:6      | Reached XP level 8. HP: 63/64 MP: 8/8
  3762 | D:6      | Found a glowing silver altar of Zin.
  3879 | D:6      | Found Wuok's Assorted Antiques.
  3882 | D:6      | Bought a runed broad axe for 189 gold pieces
  3882 | D:6      | Bought a tiny zirconium amulet for 135 gold pieces
  4265 | D:6      | Found an iron altar of Okawaru.
  4265 | D:6      | Found an ornate altar of the Wu Jian Council.
  4265 | D:6      | Found a blossoming altar of Fedhas.
  4267 | D:6      | Found a glowing golden altar of the Shining One.
  4267 | D:6      | Found a snail-covered altar of Cheibriados.
  4267 | D:6      | Found a shimmering altar of Xom.
  4269 | D:6      | Found an ancient bone altar of Kikubaaqudgha.
  4269 | D:6      | Found a shimmering blue altar of Sif Muna.
  4269 | D:6      | Found a basalt altar of Yredelemnul.
  4271 | D:6      | Found a burning altar of Makhleb.
  4271 | D:6      | Found a shadowy altar of Dithmenos.
  4271 | D:6      | Found a sparkling altar of Nemelex Xobeh.
  4277 | D:6      | Became a worshipper of the Shining One
  4557 | D:7      | Found a staircase to the Ecumenical Temple.
  4594 | D:7      | Reached XP level 9. HP: 55/72 MP: 7/9
  5402 | D:8      | Found a bloodstained altar of Trog.
  5564 | D:8      | Reached XP level 10. HP: 77/82 MP: 8/10
  5721 | D:8      | Reached * piety under the Shining One
  6395 | D:6      | Bought a helmet for 121 gold pieces
  6594 | D:10     | Entered Level 10 of the Dungeon
  6905 | D:10     | Got the Enchiridion on Frostbite
  6921 | D:10     | Noticed a kobold demonologist
  6923 | D:10     | Noticed an elephant
  6924 | D:10     | Reached skill level 10 in Fighting
  6934 | D:9      | Killed an elephant
  6935 | D:9      | Reached XP level 11. HP: 86/90 MP: 8/11
  6989 | D:10     | Reached skill level 10 in Axes
  7075 | D:10     | Found a staircase to the Lair.
  7265 | D:10     | Reached ** piety under the Shining One
  7393 | D:10     | Found a hide-covered altar of Uskayaw.
  7515 | D:10     | Found a broken altar of Ashenzari.
  7804 | D:11     | Found Geacazum's Distillery.
  7809 | D:11     | Bought a potion of enlightenment for 80 gold pieces
  7809 | D:11     | Bought a potion of heal wounds for 80 gold pieces
  7809 | D:11     | Bought a potion of heal wounds for 80 gold pieces
  7809 | D:11     | Bought a potion of haste for 160 gold pieces
  7974 | D:11     | Noticed Maurice
  7983 | D:11     | Killed Maurice
  8034 | D:11     | Reached skill level 10 in Armour
  8093 | D:11     | Found a staircase to the Orcish Mines.
  8093 | D:11     | Noticed a manticore
  8101 | D:11     | Killed a manticore
  8473 | D:11     | Noticed a red ugly thing
  8483 | D:11     | Killed a red ugly thing
  8876 | D:12     | Noticed a deep elf pyromancer
  8879 | D:12     | Noticed a boulder beetle
  8882 | D:12     | Killed a deep elf pyromancer
  8882 | D:12     | Noticed a manticore
  8890 | D:12     | Killed a manticore
  8891 | D:12     | Reached XP level 12. HP: 77/100 MP: 10/12
  8897 | D:12     | Killed a boulder beetle
  9234 | D:12     | Noticed a two-headed ogre
  9239 | D:12     | Killed a two-headed ogre
  9601 | D:13     | Noticed a centaur warrior
  9608 | D:13     | Killed a centaur warrior
  9687 | D:13     | Reached *** piety under the Shining One
  9690 | D:13     | Noticed a centaur warrior
  9701 | D:13     | Killed a centaur warrior
  9946 | D:13     | Noticed a centaur warrior
  9948 | D:13     | Noticed a boulder beetle
  9964 | D:13     | Killed a centaur warrior
  9971 | D:13     | Killed a boulder beetle
 10265 | D:13     | Noticed a two-headed ogre
 10270 | D:13     | Killed a two-headed ogre
 10314 | D:13     | Identified the ring "Atizuhar" {rPois rC- Will+ rCorr
                  | Int-4}
 10314 | D:13     | Noticed a centaur warrior
 10325 | D:13     | Killed a centaur warrior
 10568 | D:13     | Noticed Lodul
 10575 | D:13     | Reached skill level 1 in Invocations
 10577 | D:13     | HP: 5/103 [Lodul/+0 dire flail of protection (5)]
 10578 | D:13     | Killed Lodul
 10584 | D:13     | Slain by a +5 long sword

Illustrated notes

Levels and vault maps discovered:
D:1:      lightli_iron_boxes, layout_basic, serial_shops, shop,
          solitary_fountain
D:2:      layout_loops_ring, minmay_tetromino_t2
D:3:      layout_loops_cross, ebering_ghost_rock_garden,
          kennysheep_cross_bottleneck
D:4:      layout_gridville
D:5:      layout_basic, minmay_misc_feat_five, minmay_statues_item, uniq_ijyb
D:6:      layout_basic, mainiacjoe_overflow_chevrons, nicolae_overflows_in_rows,
          serial_shops, kennysheep_mini_moat, minmay_nine_imps
D:7:      layout_loops_ring, minmay_temple_entry_gardened_gates,
          minmay_fractal_squares_5
D:8:      layout_gridville, trog_ov_bears_minmay
D:9:      layout_cross
D:10:     layout_long_grid, lemuel_coloured_pillars_altar,
          nicolae_overflow_hidden_temple, grunt_lair_entry_orc_guard_hut,
          hangedman_decor_points, hangedman_misty_isle
D:11:     layout_roguey, orc_0_dummy, serial_shops,
          nicolae_shop_just_a_little_nook, minivault_27, lemuel_flamethrower_2,
          uniq_maurice
D:12:     layout_rooms, chequers_serial_rivers_micro_e
D:13:     layout_roguey, erik_vaults_1, serial_corexii_hall,
          corexii_hall_statues_u, chequers_hall_statues_corner_a, uniq_lodul

Skill      XL: |  1  2  3  4  5  6  7  8  9 10 11 12 |
---------------+-------------------------------------+-----
Armour         | 3 4 5 6 7 9 10 11 | 11.6
Axes           | 3 4 5 6 8 9 11 12 | 12.4
Fighting       | 4 5 7 8 10 11 12 | 12.8
Invocations    | 1 |  1.4
Shields        | |  2.1

Action                     |  1- 3 |  4- 6 |  7- 9 | 10-12 || total
---------------------------+-------+-------+-------+-------++-------
  Melee: War axe           |    88 |    20 |   124 |   234 ||   466
         Falchion          |    15 |    56 |       |       ||    71
         Flail             |       |    52 |    26 |       ||    78
         Unarmed           |       |       |     3 |       ||     3
         Broad axe         |       |       |    96 |   227 ||   323
  Throw: Throwing net      |       |       |       |     1 ||     1
 Invoke: Divine Shield     |       |       |       |     2 ||     2
    Use: Scroll            |       |    11 |     8 |     5 ||    24
         Potion            |       |       |       |     1 ||     1
 Armour: Scale mail        |    33 |       |       |       ||    33
         Chain mail        |    45 |       |       |       ||    45
         Plate armour      |    18 |    81 |    48 |       ||   147
         Skin              |       |       |     3 |       ||     3
         Ice dragon scales |       |       |    83 |   336 ||   419
  Dodge: Dodged            |    31 |    21 |    49 |   141 ||   242
         Repelled          |       |       |     1 |     2 ||     3
  Block: Buckler           |    14 |       |       |       ||    14
         Other             |       |       |       |     3 ||     3

Table legend: (Time is in decaauts)
 A = Elapsed time spent in this place.
 B = Non-inter-level travel time spent in this place.
 C = Inter-level travel time spent in this place.
 D = Time resting spent in this place.
 E = Time spent auto-exploring this place.
 F = Levels seen in this place.
 G = Mean time per level.
                   A        B        C        D        E       F      G
               +--------+--------+--------+--------+--------+-----+--------+
         Total |  10697 |  10351 |    346 |    763 |   7891 |  13 |  822.8 |
       Dungeon |  10697 |  10351 |    346 |    763 |   7891 |  13 |  822.8 |
               +--------+--------+--------+--------+--------+-----+--------+

Top non-repeatable levels by time:
    D:11: 1136 daAuts
    D:10: 1117 daAuts
     D:7: 1091 daAuts
    D:13: 983 daAuts
     D:6: 792 daAuts
     D:3: 785 daAuts
     D:1: 764 daAuts
     D:2: 752 daAuts
     D:5: 731 daAuts
    D:12: 729 daAuts
     D:4: 651 daAuts
     D:9: 642 daAuts
     D:8: 520 daAuts
